 Dungeon Crawl Stone Soup version 0.28-a0-1236-gb25a51b929 (webtiles) character file.

Game seed: 17673437539440951008

193 croobank the Sneak (level 5, -2/39 HPs)
             Began as a Vampire Air Elementalist on Dec 26, 2021.
             Was a Follower of Makhleb.
             Slain by a kobold brigand (5 damage)
             ... in a sewer.
             The game lasted 00:40:33 (3267 turns).

croobank the Sneak (Vampire Air Elementalist)       Turns: 3267, Time: 00:40:33

Health: -2/39      AC:  4    Str:  9    XL:     5   Next: 44%
Magic:  0/8        EV: 12    Int: 23    God:    Makhleb [*.....]
Gold:   68         SH:  0    Dex: 15    Spells: 2/8 levels left

rFire   . . .      SeeInvis +   j - +0 dagger (venom)
rCold   . . .      Faith    .   (no shield)
rNeg    . . .      Spirit   .   d - +0 leather armour
rPois   .          Reflect  .   n - +0 helmet
rElec   .          Harm     .   (no cloak)
rCorr   .          Rampage  .   (no gloves)
Will    .....                   (no boots)
Stlth   +.........              (no amulet)
HPRegen 0.33/turn               f - +6 ring of intelligence
MPRegen 0.11/turn               (no ring)

@: sluggish, very slightly contaminated, healing quickly, very slow
A: alive, fangs 3, see invisible, vampiric 2
a: Exsanguinate, Renounce Religion


You were in a sewer.
You worshipped Makhleb.
Makhleb was aware of your devotion.
You visited 1 branch of the dungeon, and saw 3 of its levels.
You also visited: Sewer.

You collected 68 gold pieces.

Inventory:

Hand Weapons
 a - a +0 short sword
 b - a +1 hunting sling of flaming
 h - a +0 mace
 j - a +0 dagger of venom (weapon)
Missiles
 k - 35 arrows
 m - 41 stones
 o - 21 poisoned darts
Armour
 c - a +0 robe
 d - a +0 leather armour (worn)
 g - +0 gold dragon scales
 l - a +0 leather armour
 n - a +0 helmet (worn)
Jewellery
 f - a +6 ring of intelligence (left hand)
Potions
 e - a potion of curing
 q - a potion of haste {unknown}
 r - 2 potions of might {unknown}


   Skills:
 + Level 2.6 Fighting
 + Level 3.2 Short Blades
 - Level 2.5 Dodging
 - Level 3.5 Stealth
 - Level 2.2 Spellcasting
 - Level 1.1 Conjurations
 - Level 3.2 Air Magic


You had 2 spell levels left.
You knew the following spells:

 Your Spells              Type           Power      Damage    Failure   Level
a - Shock                 Conj/Air       48%        1d6       7%          1
b - Static Discharge      Conj/Air       12%        N/A       11%         2
c - Swiftness             Air            17%        N/A       14%         3

Your spell library contained the following spells:

 Spells                   Type           Power      Damage    Failure   Level
 Ensorcelled Hibernation  Hex/Ice        4%         N/A       26%         2
 Airstrike                Air            8%         N/A       41%         4
 Spider Form              Tmut/Pois      2%         N/A       47%         3


Dungeon Overview and Level Annotations

Branches:
Dungeon (3/15)              Sewer (1/1)

Altars:
Makhleb

Shops:
D:1 *=**[


Innate Abilities, Weirdness & Mutations

Your natural rate of healing is accelerated.
You have razor-sharp teeth.
You have supernaturally acute eyesight. (SInv)
You are afflicted with vampirism and can become a bat while bloodless.


Message History

The kobold brigand splashes around in the water.
The river rat twitches its whiskers.
The river rat misses you.
The kobold brigand hits the plant with a +0 whip.
Your unstable footing causes you to fumble your attack.
You feel sluggish.
The kobold brigand splashes around in the water.
The river rat bites you.
You barely miss the kobold brigand.
The kobold brigand is lightly wounded.
A nearby plant withers and dies.
The kobold brigand splashes around in the water.
Casting: Swiftness (quite dangerous; 14% risk of failure)
Confirm with . or Enter, or press ? or * to list all spells.
The kobold brigand is struck by an arc of lightning.
The kobold brigand is moderately wounded.
The kobold brigand is struck by an arc of lightning.
The kobold brigand is lightly wounded.
The lightning grounds out.
The river rat barely misses you.
The kobold brigand hits the plant with a +0 whip.
The plant begins to die.
The kobold brigand hits you with a +0 dagger.
Casting: Static Discharge (safe; 11% risk of failure)
Confirm with . or Enter, or press ? or * to list all spells.
The river rat is struck by an arc of lightning!
The river rat is severely wounded.
You are struck by an arc of lightning.
* * * LOW HITPOINT WARNING * * *
The lightning grounds out.
The river rat barely misses you.
The kobold brigand hits the plant with a +0 whip!
The kobold brigand closely misses you.
Casting: Static Discharge (safe; 11% risk of failure)
Confirm with . or Enter, or press ? or * to list all spells.
You miscast Static Discharge.
You are very lightly contaminated with residual magic.
Nothing appears to happen.
The river rat bites you!
* * * LOW HITPOINT WARNING * * *
The kobold brigand hits the plant with a +0 whip!
The kobold brigand hits you with a +0 dagger.
You die...

....P≈P≈..≈≈#≈#≈≈≈≈≈≈≈≈≈≈
...#.#≈≈≈≈≈#≈#≈≈≈≈≈≈≈≈≈≈
≈≈#≈#≈≈≈≈≈#≈#≈≈≈≈≈≈≈≈≈≈ #
#≈≈≈≈≈#≈#≈≈≈≈≈≈≈≈≈≈
#≈≈≈≈≈#≈#≈≈≈≈≈≈≈≈≈≈
#≈#≈≈≈≈≈≈≈≈≈# #≈# #r# #@#
#K#


PK. PP..≈ #.P..≈. .P.≈≈.PP ≈≈≈...≈≈≈# ≈≈≈.≈≈.≈≈.# You could see 2 kobold
brigands and a river rat.

Vanquished Creatures
  A kobold brigand (Sewer)
  4 adders
  3 worms (D:2)
  A dart slug (D:2)
  4 bats
  6 endoplasms
  3 giant cockroaches
  7 goblins
  5 hobgoblins
  8 jackals
  6 quokkas
  7 ball pythons
  7 frilled lizards
  5 kobolds
  5 rats
72 creatures vanquished.

Vanquished Creatures (others)
  11 plants (Sewer)
11 creatures vanquished.

Grand Total: 83 creatures vanquished

Notes
Turn   | Place    | Note
-------+----------+-------------------------------------------
     0 | D:1      | croobank the Vampire Air Elementalist began the quest for
                  | the Orb.
     0 | D:1      | Reached XP level 1. HP: 13/13 MP: 3/3
   283 | D:1      | Reached XP level 2. HP: 19/19 MP: 0/5
   345 | D:1      | Learned a level 2 spell: Static Discharge
   492 | D:1      | Reached skill level 1 in Conjurations
   626 | D:1      | Found Jilaoseh's General Store.
   640 | D:1      | Found Rianeppeh's Jewellery Shoppe.
   732 | D:1      | Found Jevuggewn's General Store.
   747 | D:1      | Gained mutation: You are afflicted with vampirism and can
                  | become a bat while bloodless. [Vampire growth]
   747 | D:1      | Reached XP level 3. HP: 23/24 MP: 6/6
   858 | D:1      | Found Qiutujon's Assorted Antiques.
  1106 | D:1      | Found Ofacsuor's Antique Armour Shoppe.
  1437 | D:2      | Found a burning altar of Makhleb.
  1700 | D:2      | Became a worshipper of Makhleb the Destroyer
  1706 | D:2      | Reached skill level 1 in Short Blades
  1850 | D:2      | Reached skill level 1 in Fighting
  2247 | D:2      | Learned a level 3 spell: Swiftness
  2249 | D:2      | Reached XP level 4. HP: 32/32 MP: 3/7
  2640 | D:3      | Found a glowing drain.
  2652 | Sewer    | Entered a sewer
  2776 | Sewer    | Reached * piety under Makhleb
  2863 | Sewer    | Noticed a kobold brigand
  3093 | Sewer    | Killed a kobold brigand
  3094 | Sewer    | Reached XP level 5. HP: 28/39 MP: 8/8
  3267 | Sewer    | Slain by a kobold brigand

Illustrated notes

Levels and vault maps discovered:
D:1:      minmay_arrival_up_and_down, layout_basic, serial_shops, shop,
          nicolae_shop_stone, nicolae_diamond_shop, nicolae_shop_hallway_stairs,
          nicolae_shop_stone
D:2:      layout_rooms, shapermc_ecumenical_altar_petra, basic_altar,
          minmay_indecisive_spiral
D:3:      layout_rooms, cheibrodos_sewer_entry_drain, serial_shops, shop,
          lemuel_old_faithful
Sewer:    sewer_co_scattered_pipes

Skill      XL: |  1  2  3  4 |
---------------+-------------+-----
Conjurations   | 1 |  1.1
Short Blades   | 1 3 |  3.2
Fighting       | 1 2 |  2.6
Dodging        | |  2.5
Stealth        | |  3.5
Spellcasting   | |  2.2
Air Magic      | |  3.2

Action                   |  1- 3 |  4- 6 || total
-------------------------+-------+-------++-------
Melee: Short sword       |   166 |   158 ||   324
       Bite              |    19 |    11 ||    30
       Dagger            |       |    20 ||    20
 Fire: Hunting sling     |       |     7 ||     7
 Cast: Shock             |    29 |    13 ||    42
       Static Discharge  |    13 |     6 ||    19
       Swiftness         |       |     2 ||     2
  Use: Scroll            |     2 |     3 ||     5
       Potion            |       |     4 ||     4
Armor: Robe              |     7 |       ||     7
       Gold dragon scale |   164 |   110 ||   274
       Leather armour    |     2 |     4 ||     6
Dodge: Dodged            |    24 |    41 ||    65

Table legend: (Time is in decaauts)
 A = Elapsed time spent in this place.
 B = Non-inter-level travel time spent in this place.
 C = Inter-level travel time spent in this place.
 D = Time resting spent in this place.
 E = Time spent auto-exploring this place.
 F = Levels seen in this place.
 G = Mean time per level.
                   A        B        C        D        E       F      G
               +--------+--------+--------+--------+--------+-----+--------+
         Total |   3319 |   3228 |     91 |    874 |   1159 |   4 |  829.8 |
       Dungeon |   2667 |   2576 |     91 |    655 |   1117 |   3 |  889.0 |
         Sewer |    652 |    652 |      0 |    219 |     42 |   1 |  652.0 |
               +--------+--------+--------+--------+--------+-----+--------+

Top non-repeatable levels by time:
     D:1: 1738 daAuts
     D:2: 900 daAuts
   Sewer: 652 daAuts
     D:3: 28 daAuts
